 Dungeon Crawl Stone Soup version 0.21.1-1-g345015f (webtiles) character file.

66 Harpaggios the Insei (level 3, -2/27 HPs)
             Began as a Demonspawn Transmuter on Apr 4, 2018.
             Slain by an orc
             ... wielding a +0 short sword
              (9 damage)
             ... on level 3 of the Dungeon.
             The game lasted 00:15:14 (2752 turns).

Harpaggios the Insei (Demonspawn Transmuter)        Turns: 2752, Time: 00:15:15

Health: -2/27      AC:  2    Str: 10    XL:     3   Next: 96%
Magic:  6/6        EV: 12    Int: 18    God:
Gold:   152        SH:  0    Dex: 13    Spells: 0/6 levels left

rFire    . . .     SeeInvis .     - Unarmed
rCold    + . .     Gourm    .   (no shield)
rNeg     . . .     Faith    .   b - +0 robe
rPois    .         Spirit   .   (no helmet)
rElec    .         Reflect  .   (no cloak)
rCorr    .         Harm     .   (no gloves)
MR       .....                  (no boots)
Stlth    +.........             (no amulet)
HPRegen  0.09/turn              j - +3 ring of intelligence
MPRegen  0.10/turn              (no ring)

@: appendage (expiring)
A: horns 2, cold resistance 1, freezing cloud immunity
a: End Transformation


You were on level 3 of the Dungeon.
You were not hungry.
You had grown temporary horns.
You visited 1 branch of the dungeon, and saw 3 of its levels.

You collected 152 gold pieces.

Inventory:

Missiles
 a - 10 arrows
 m - 44 stones (quivered)
Armour
 b - a +0 robe (worn)
Jewellery
 j - a +3 ring of intelligence (left hand)
Scrolls
 e - 2 scrolls of remove curse
 h - a scroll of teleportation
 i - 3 scrolls of identify
 l - a scroll of enchant armour
Potions
 g - a potion of curing
 k - a potion of heal wounds {unknown}
Books
 c - a book of Changes

   Spells                             Type                      Level
   a - Beastly Appendage              Transmutation                1
   b - Sticks to Snakes               Transmutation                2
   c - Spider Form                    Transmutation/Poison         3
   d - Ice Form                       Ice/Transmutation            4
   e - Blade Hands                    Transmutation                5
Comestibles
 d - 9 rations
 f - a chunk of flesh


   Skills:
 + Level 1.7 Fighting
 + Level 2.3 Dodging
 * Level 3.3 Unarmed Combat
 - Level 2.0 Spellcasting
 * Level 2.6 Transmutations


You couldn't memorise any spells.
You knew the following spells:

 Your Spells              Type           Power        Failure   Level  Hunger
a - Beastly Appendage     Tmut           ##....       6%          1    #......
b - Sticks to Snakes      Tmut           ##......     9%          2    ###....
c - Spider Form           Tmut/Pois      #.........   30%         3    ###....


Dungeon Overview and Level Annotations

Branches:
Dungeon (3/15)

Altars:
Ashenzari


Innate Abilities, Weirdness & Mutations

Your flesh is cold resistant. (rC+)
You are immune to freezing clouds.
You have a pair of horns on your head.


Message History

The orc hits you but does no damage.
You hit the orc but do no damage.
The orc is severely wounded.
The orc hits you with a short sword.
You hit the orc but do no damage. Your headbutt misses the orc.
The orc is severely wounded.
The orc hits you with a short sword.
You hit the orc but do no damage.
The orc is severely wounded.
You hit the orc.
The orc is almost dead.
The orc hits you with a short sword!
* * * LOW HITPOINT WARNING * * *
You barely miss the orc.
The orc is almost dead.
The orc barely misses you.
You completely miss the orc.
The orc is almost dead.
The orc hits you with a short sword!
You die...

#......# .o.##.....# ...
#.....# ... #.....# #.#
####..# #.# #.## #######
#.# #.# #<....#
#.####.######.#########.#
#....(.....o@...........#
#########################


You could see an orc.

Vanquished Creatures
  An adder (D:2)
  An ooze (D:2)
  A worm (D:2)
  2 orcs (D:2)
  3 giant cockroaches
  8 goblins
  5 hobgoblins
  2 jackals (D:2)
  A quokka (D:2)
  A ball python (D:2)
  6 bats (D:1)
  3 frilled lizards
  2 kobolds
  9 rats
45 creatures vanquished.

Vanquished Creatures (collateral kills)
  An orc (D:2)
1 creature vanquished.

Grand Total: 46 creatures vanquished

Notes
Turn   | Place    | Note
-------+----------+-------------------------------------------
     0 | D:1      | Harpaggios the Demonspawn Transmuter began the quest for the Orb.
     0 | D:1      | Reached XP level 1. HP: 15/15 MP: 3/3
   176 | D:1      | Gained mutation: Your flesh is cold resistant. (rC+) [demonic ancestry]
   176 | D:1      | Reached XP level 2. HP: 19/21 MP: 5/5
   193 | D:1      | Learned a level 2 spell: Sticks to Snakes
   861 | D:2      | Reached skill level 3 in Unarmed Combat
   870 | D:2      | Gained mutation: You are immune to freezing clouds. [demonic ancestry]
   870 | D:2      | Reached XP level 3. HP: 21/26 MP: 6/6
  2704 | D:3      | Found a shattered altar of Ashenzari.
  2709 | D:3      | Learned a level 3 spell: Spider Form
  2752 | D:3      | Slain by an orc

Skill      XL: |  1  2 |
---------------+-------+-----
Transmutations | 2 |  2.6
Dodging        | 2 |  2.3
Unarmed Combat | 3 |  3.3
Fighting       | |  1.7
Spellcasting   | |  2.0

Action                   || total
-------------------------++-------
Melee: Unarmed           ||   191
       Kick              ||     6
       Headbutt          ||    10
       Punch             ||     3
Throw: Stone             ||    18
 Cast: Beastly Appendage ||    13
       Sticks to Snakes  ||     2
  Use: Scroll            ||     3
 Stab: Sleeping          ||     2
  Eat: Chunk             ||     6
Armor: Robe              ||    40
Dodge: Dodged            ||   134
